 Dungeon Crawl Stone Soup version 0.29-a0-393-g47a863cc1b (webtiles) character file.

Game seed: 17796679714150959239

177662 HendSelp the Shatterer (level 17, -4/173 HPs)
             Began as a Minotaur Berserker on May 9, 2022.
             Was the Champion of Trog.
             Slain by a naga
             ... wielding a +0 scimitar
              (21 damage)
             ... on level 4 of the Snake Pit.
             The game lasted 00:45:28 (33177 turns).

HendSelp the Shatterer (Minotaur Berserker)        Turns: 33177, Time: 00:45:29

Health: -4/173     AC: 27    Str: 33    XL:     17   Next: 55%
Magic:  16/16      EV: 14    Int:  6    God:    Trog [******]
Gold:   2408       SH:  0    Dex: 10    Spells: 16/16 levels left

rFire   + . .      SeeInvis .   F - +9 great mace (spect)
rCold   . . .      Faith    .   (shield currently unavailable)
rNeg    . . .      Spirit   .   q - +3 leather armour of Poor Excuses {rF+ Will+++ Str+5}
rPois   .          Reflect  .   (helmet restricted)
rElec   .          Harm     .   g - +2 cloak
rCorr   .          Rampage  .   l - +2 pair of gloves
Will    ++++.                   h - +2 pair of boots
Stlth   +.........              H - amulet of regeneration
HPRegen 1.18/turn               M - +4 ring of protection
MPRegen 0.15/turn               K - +4 ring of protection

@: lethally poisoned (-4 -> -5), attractive, slowed, constricted, studying 2
skills, very slow
A: horns 2, retaliatory headbutt
a: Renounce Religion, Berserk, Trog's Hand, Brothers in Arms


You were on level 4 of the Snake Pit.
You worshipped Trog.
Trog was exalted by your worship.
You visited 5 branches of the dungeon, and saw 28 of its levels.
You also visited: Sewer.

You collected 2783 gold pieces.
You spent 375 gold pieces at shops.

Inventory:

Hand Weapons
 F - a +9 spectral great mace (weapon)
Missiles
 r - 4 throwing nets
Armour
 g - a +2 cloak (worn)
 h - a +2 pair of boots (worn)
 l - a +2 pair of gloves (worn)
 q - the +3 leather armour of Poor Excuses (worn) {rF+ Will+++ Str+5}
   (You found it on level 4 of the Dungeon)

   Str:       It affects your strength (+5).
   rF:        It protects you from fire.
   Will:      It greatly increases your willpower.
Jewellery
 p - a ring of positive energy
 t - the ring of Mysticism {rC+ Dex+4}
   (You found it on level 13 of the Dungeon)

   [ring of protection from cold]

   Dex:       It affects your dexterity (+4).
   rC:        It protects you from cold.
 H - an amulet of regeneration (around neck)
 J - a +6 ring of strength
 K - a +4 ring of protection (right hand)
 M - a +4 ring of protection (left hand)
Wands
 e - a wand of mindburst (12)
 u - a wand of flame (33)
 w - a wand of paralysis (28)
 x - a wand of iceblast (12)
 G - a wand of charming (4)
Scrolls
 a - 9 scrolls of identify
 f - 6 scrolls of enchant armour
 j - 3 scrolls of immolation
 n - a scroll of fear
 o - 2 scrolls of fog
 y - 3 scrolls of poison
 A - 16 scrolls of teleportation
 B - 2 scrolls of silence
 C - 4 scrolls of magic mapping
Potions
 b - 2 potions of cancellation
 c - 3 potions of brilliance
 d - 7 potions of mutation
 i - a potion of berserk rage
 k - 2 potions of lignification
 m - 14 potions of curing
 s - a potion of attraction
 v - 4 potions of ambrosia
 z - a potion of might
 D - 2 potions of resistance
 E - 4 potions of haste


   Skills:
 * Level 21.5 Fighting
 * Level 23.3 Maces & Flails
 * Level 15.1 Armour
 * Level 15.6 Dodging


You had 16 spell levels left.
You didn't know any spells.
Your spell library was empty.

Dungeon Overview and Level Annotations

Branches:
Dungeon (15/15)            Temple (0/1) D:5            Lair (6/6) D:8
 Shoals (1/4) Lair:2        Snake (4/4) Lair:2        Slime (0/5) Lair:6
    Orc (2/2) D:12            Elf (0/3) Orc:2        Vaults (0/5) D:14
 Depths (0/4) D:15          Sewer (visited)

Altars:
Cheibriados
Dithmenos
Fedhas
Hepliaklqana
Xom
The Shining One
Beogh
Jiyva

Shops:
D:5 [   D:9 **(   D:15 ?   Orc:2 [*(=   Snake:2 :[*[   Snake:3 (

Portals:
Trove: D:15 (give 2 scrolls of acquirement)

Annotations:
Lair:2 1 runed translucent door, Balder's ghost, journeyman MiFi


Innate Abilities, Weirdness & Mutations

You have a pair of horns on your head.
You reflexively headbutt those who attack you in melee.


Message History

The naga misses you. The naga constricts you.
* * * LOW HITPOINT WARNING * * *
The naga hits you but does no damage. The naga spits poison at you.
The splash of poison hits you but does no damage.
You are poisoned.
The naga constricts you.
The naga sharpshooter is attracted toward you.
The salamander is attracted toward you.
The naga warrior is attracted toward you.
The naga is attracted toward you.
The salamander mystic is attracted toward you.
The naga warrior is attracted toward you.
Unknown command.
Unknown command.
Unknown command.
Unknown command.
Unknown command.
Unknown command.
Unknown command.
Unknown command.
Unknown command.
Unknown command.
Unknown command.
Unknown command.
Unknown command.
Unknown command.
Unknown command.
Unknown command.
Unknown command.
You feel better. The naga hits you but does no damage.
The naga closely misses you. The naga constricts you.
The naga sharpshooter spits poison at you.
The splash of poison hits you.
You are poisoned.
* * * LOW HITPOINT WARNING * * *
The naga warrior roars a battlecry!
The nagas go into a battle-frenzy!
The naga hits you with a +0 scimitar!!
You die...

**,,,**,,,,,**,,**,,,,,
**,,,**,,,**,,,,**,,,*
**,,,*,,**,,,,,,**,,*
#########,,,,,*,,,,,,,,*,,,
##.....#.##,,,,,,,,,,,,,,,,,
##.........##,,,,*,,,,,,*,,,,
####...........##,,,**,,,,**,,,*
##...............##,,,**,,**,,,**
......)...[....N@N##,,,****,,,*#.
...........)...NN..##,,,**,,,*#..
..............N[N§N.#*,,,,,,*#...
.#####.......§§...N###*,,,,*#....
## #..........§..N§###''##....# #
*#.###.#.........§.§........#
#**##..##...........#N.###NN....#
#*,...##...##.......#...§§)N....#
#*.###*#...*#.......###§..##....#


You could see 2 naga warriors, 2 naga sharpshooters, a salamander mystic
(strong, fleeing, poisoned), a salamander (strong, fleeing) and 3 nagas.

Vanquished Creatures
  Nikola (Snake:2)
  Jorgrun (Orc:1)
  Rupert (D:15)
  A nagaraja (Snake:3)
  An orc warlord (Orc:2)
  An iron dragon (D:13)
  Nessos (D:12)
  The ghost of avis the Grappler, a journeyman OgTm of Gozag (Lair:3)
  Josephine (D:13)
  3 salamander tyrants
  4 vault guards (D:14)
  Harold (Lair:1)
  5 hydras
  10 anacondas
  8 boulder beetles
  3 catoblepae (Lair:6)
  2 death knights
  4 centaur warriors
  An ogre mage (D:15)
  7 naga warriors
  Erica (D:10)
  10 two-headed ogres
  2 tengu warriors (D:9)
  A deep troll earth mage (D:13)
  Urug (D:10)
  18 death yaks
  5 naga sharpshooters
  Sonja (D:10)
  Amaemon (Lair:1)
  Nergalle (Lair:3)
  4 hell knights (D:12)
  3 orc high priests (Orc:2)
  8 shock serpents
  A deep elf knight (D:14)
  8 salamander mystics
  A skeletal warrior (D:9)
  7 naga ritualists
  A lindwurm (Lair:4)
  3 wizards
  3 phantasmal warriors (D:13)
  An oklob plant (D:6)
  3 orc knights
  A deep elf pyromancer (D:15)
  3 necromancers
  6 cyclopes
  4 orc sorcerers
  4 manticores
  10 mana vipers
  18 salamanders
  A centaur zombie (D:15)
  2 guardian serpents
  Maurice (D:8)
  3 elephants (Lair:4)
  50 black mambas
  2 merfolk sirens (Lair:2)
  11 naga magi
  A centaur skeleton (D:15)
  An orange demon (Lair:1)
  11 cane toads
  6 rime drakes
  3 gargoyles
  Maggie (D:9)
  An unseen horror (D:13)
  8 komodo dragons
  3 kobold demonologists
  An efreet (D:9)
  3 freezing wraiths
  6 yaktaurs
  9 trolls
  A meliai (D:13)
  5 polar bears
  A dream sheep (Lair:4)
  A wolf spider simulacrum (D:14)
  Grinder (D:5)
  Prince Ribbit (D:6)
  27 blink frogs
  8 slime creatures
  Sigmund (D:6)
  A centaur simulacrum (D:15)
  A shadow (D:9)
  A vampire (D:12)
  10 wraiths
  7 wyverns
  51 yaks
  A hog (shapeshifter) (D:14)
  13 basilisks
  A steam dragon (D:9)
  5 vampire mosquitoes
  A neqoxec (D:12)
  Menkaure (D:6)
  31 nagas
  A water moccasin (shapeshifter) (D:13)
  2 acid dragons
  5 hell hounds (D:12)
  31 water moccasins
  Duvessa (D:4)
  2 sky beasts
  3 ice beasts
  5 black bears
  37 orc warriors
  9 centaurs
  7 ogres
  5 wolves (Lair:4)
  5 boggarts (D:15)
  2 phantoms
  4 kobold brigands
  23 bullfrogs
  3 scorpions (D:6)
  2 necrophages (D:6)
  4 gnoll sergeants
  10 wights
  Dowan (D:4)
  10 killer bees
  12 howler monkeys
  6 electric eels
  9 jellies
  3 hounds
  A gnoll shaman (D:7)
  21 orc priests
  8 iguanas
  31 orc wizards
  Natasha (twice) (D:2)
  8 hell rats (Lair:6)
  Robin (D:3)
  21 gnolls
  25 adders
  A shadow imp (D:12)
  A white imp (D:7)
  3 worms
  2 dart slugs
  83 orcs
  12 ball pythons
  16 endoplasms
  4 giant cockroaches
  10 goblins
  6 hobgoblins
  14 jackals
  5 quokkas
  16 bats
  2 frilled lizards
  7 kobolds
  6 rats
989 creatures vanquished.

Vanquished Creatures (others)
  An adder (Lair:1)
  34 fungi
  61 plants
96 creatures vanquished.

Grand Total: 1085 creatures vanquished

Notes
Turn   | Place    | Note
-------+----------+-------------------------------------------
     0 | D:1      | HendSelp the Minotaur Berserker began the quest for the
                  | Orb.
     0 | D:1      | Reached XP level 1. HP: 19/19 MP: 0/0
   181 | D:1      | Reached skill level 4 in Maces & Flails
   201 | D:1      | Reached XP level 2. HP: 24/27 MP: 1/1
   720 | D:1      | Found a faded altar of an unknown god.
  1336 | D:2      | Reached XP level 3. HP: 27/33 MP: 2/2
  1338 | D:2      | Reached ** piety under Trog
  1793 | D:2      | Noticed Natasha
  1800 | D:2      | Killed Natasha
  1801 | D:2      | Reached skill level 5 in Maces & Flails
  1801 | D:2      | Reached XP level 4. HP: 29/41 MP: 3/3
  2044 | D:2      | Noticed Natasha
  2054 | D:2      | Killed Natasha
  2346 | D:3      | Found a glowing drain.
  2370 | Sewer    | Entered a sewer
  2385 | Sewer    | Reached XP level 5. HP: 47/47 MP: 4/4
  2416 | Sewer    | Noticed a water moccasin
  2426 | Sewer    | Killed a water moccasin
  2427 | Sewer    | Reached skill level 6 in Maces & Flails
  2687 | D:3      | Noticed a phantom
  2695 | D:3      | Killed a phantom
  2696 | D:3      | Reached XP level 6. HP: 55/55 MP: 5/5
  2724 | D:3      | Found a snail-covered altar of Cheibriados.
  2846 | D:3      | Reached *** piety under Trog
  2933 | D:3      | Noticed Robin
  2944 | D:3      | Killed Robin
  3168 | D:4      | Noticed Duvessa
  3168 | D:4      | Noticed Dowan
  3179 | D:4      | Killed Duvessa
  3180 | D:4      | Reached skill level 5 in Fighting
  3180 | D:4      | Reached skill level 7 in Maces & Flails
  3182 | D:4      | Killed Dowan
  3368 | D:4      | Reached XP level 7. HP: 61/61 MP: 6/6
  3469 | D:4      | Reached skill level 5 in Armour
  3585 | D:4      | Identified the +3 leather armour of Poor Excuses {rF+
                  | Will+++ Str+5}
  3714 | D:4      | Reached skill level 8 in Maces & Flails
  4403 | D:5      | Entered Level 5 of the Dungeon
  4425 | D:5      | Found a staircase to the Ecumenical Temple.
  4434 | D:5      | Found Biocham's Antique Armour Boutique.
  4440 | D:5      | Bought an embroidered cloak for 165 gold pieces
  4491 | D:5      | Reached XP level 8. HP: 70/70 MP: 7/7
  4631 | D:5      | Reached skill level 9 in Maces & Flails
  4776 | D:5      | Reached **** piety under Trog
  5056 | D:6      | Noticed Grinder
  5073 | D:5      | Killed Grinder
  5075 | D:5      | Reached skill level 10 in Maces & Flails
  5579 | D:6      | Reached XP level 9. HP: 73/79 MP: 8/8
  5664 | D:6      | Reached skill level 5 in Dodging
  5705 | D:6      | Noticed an oklob plant
  5870 | D:6      | Noticed Menkaure
  5874 | D:6      | Killed Menkaure
  5881 | D:6      | Noticed Sigmund
  5888 | D:6      | Killed Sigmund
  5889 | D:6      | Reached skill level 11 in Maces & Flails
  6001 | D:6      | Found a shimmering altar of Xom.
  6161 | D:6      | Reached skill level 12 in Maces & Flails
  6173 | D:6      | Reached ***** piety under Trog
  6189 | D:6      | Noticed Prince Ribbit
  6203 | D:6      | Killed Prince Ribbit
  6880 | D:6      | Killed an oklob plant
  6881 | D:6      | Reached XP level 10. HP: 73/90 MP: 9/9
  7437 | D:7      | Received a gift from Trog
  7459 | D:7      | Reached skill level 13 in Maces & Flails
  8189 | D:8      | Found a glowing golden altar of the Shining One.
  8189 | D:8      | Found a blossoming altar of Fedhas.
  8581 | D:8      | Noticed Maurice
  8596 | D:8      | Killed Maurice
  8781 | D:8      | Reached skill level 14 in Maces & Flails
  8958 | D:8      | Found a staircase to the Lair.
  9286 | D:9      | Noticed Maggie
  9286 | D:9      | Found Hepi's Assorted Antiques.
  9289 | D:9      | Killed Maggie
  9306 | D:9      | Noticed a skeletal warrior
  9310 | D:9      | Reached skill level 10 in Fighting
  9328 | D:9      | Killed a skeletal warrior
  9582 | D:9      | Noticed a centaur warrior
  9587 | D:9      | Killed a centaur warrior
  9588 | D:9      | Reached XP level 11. HP: 72/101 MP: 10/10
  9703 | D:10     | Entered Level 10 of the Dungeon
  9794 | D:10     | Noticed Sonja
  9804 | D:10     | Killed Sonja
  9947 | D:10     | Noticed Urug
  9955 | D:10     | Killed Urug
  9956 | D:10     | Reached skill level 15 in Maces & Flails
 10050 | D:10     | Noticed Erica
 10057 | D:10     | Killed Erica
 10164 | D:9      | Found Qorihipuwo's Antique Weapon Emporium.
 10164 | D:9      | Found Ulennen's General Store.
 11045 | D:11     | Noticed a two-headed ogre
 11049 | D:11     | Killed a two-headed ogre
 11050 | D:11     | Noticed a two-headed ogre
 11064 | D:11     | Killed a two-headed ogre
 11579 | D:11     | Noticed a boulder beetle
 11599 | D:11     | Killed a boulder beetle
 11600 | D:11     | Reached skill level 16 in Maces & Flails
 11600 | D:11     | Reached XP level 12. HP: 48/113 MP: 11/11
 12314 | Lair:1   | Entered Level 1 of the Lair of Beasts
 12372 | Lair:1   | Noticed an eight-headed hydra
 12377 | Lair:1   | Killed an eight-headed hydra
 12655 | Lair:1   | Noticed Harold
 12662 | Lair:1   | Killed Harold
 13435 | Lair:1   | Reached skill level 17 in Maces & Flails
 13524 | Lair:1   | Noticed Amaemon
 13537 | Lair:1   | Killed Amaemon
 13538 | Lair:1   | Reached skill level 10 in Armour
 13891 | Lair:1   | Reached skill level 10 in Dodging
 14211 | Lair:1   | Noticed a six-headed hydra
 14219 | Lair:1   | Killed a six-headed hydra
 14468 | Lair:1   | Identified the +4 rapier of Optimality {vorpal, *Noise rN+
                  | MP+9 Dex+3}
 15292 | Lair:2   | Found a staircase to the Shoals.
 15305 | Lair:2   | Reached XP level 13. HP: 102/124 MP: 12/12
 15408 | Lair:2   | Found a staircase to the Snake Pit.
 15811 | Lair:2   | Found a runed translucent door.
 15812 | Lair:2   | Noticed Balder's ghost (journeyman MiFi)
 16486 | Lair:3   | Noticed Nergalle
 16500 | Lair:3   | Killed Nergalle
 16787 | Lair:3   | Found a runed translucent door.
 16791 | Lair:3   | Noticed avis's ghost (journeyman OgTm)
 17330 | Lair:3   | Reached skill level 15 in Fighting
 17951 | Lair:3   | Killed avis's ghost
 17952 | Lair:3   | Reached skill level 18 in Maces & Flails
 17996 | Lair:3   | Received a gift from Trog
 19312 | Lair:4   | Reached XP level 14. HP: 137/137 MP: 13/13
 20097 | Lair:5   | You fall into a shaft and drop 1 floor!
 20097 | Lair:6   | Entered Level 6 of the Lair of Beasts
 20122 | Lair:6   | Reached skill level 19 in Maces & Flails
 20603 | Lair:6   | Received a gift from Trog
 21080 | Lair:5   | Reached skill level 20 in Maces & Flails
 21853 | Lair:6   | Found a viscous altar of Jiyva.
 21853 | Lair:6   | Found a staircase to the Slime Pits.
 22263 | D:9      | Identified the +5 broad axe of Doom {vorpal, *Noise rN+
                  | Dex+2 Stlth+}
 22265 | D:9      | Identified the +9 halberd of Valiance {vorpal, rPois rCorr
                  | Dex+4}
 22497 | D:9      | Received a gift from Trog
 22853 | D:12     | Reached XP level 15. HP: 147/147 MP: 14/14
 22890 | D:12     | Found a staircase to the Orcish Mines.
 23857 | D:12     | Noticed Nessos
 23863 | D:12     | Killed Nessos
 24718 | Orc:1    | Entered Level 1 of the Orcish Mines
 24782 | Orc:1    | Noticed Jorgrun
 24791 | Orc:1    | Killed Jorgrun
 24820 | Orc:1    | Reached ****** piety under Trog
 25089 | Orc:2    | Entered Level 2 of the Orcish Mines
 25089 | Orc:2    | Noticed an orc warlord
 25089 | Orc:2    | Found Pysuda's Antique Weapon Emporium.
 25095 | Orc:2    | Killed an orc warlord
 25475 | Orc:2    | Found Faklet's General Store.
 25500 | Orc:2    | Found Ynoaray's Jewellery Boutique.
 25716 | Orc:2    | Found Ysmiheesh's Antique Armour Boutique.
 25724 | Orc:2    | Received a gift from Trog
 25740 | Orc:2    | Found a staircase to the Elven Halls.
 25757 | Orc:2    | Reached skill level 21 in Maces & Flails
 25827 | Orc:2    | Bought a pair of glowing gloves for 210 gold pieces
 26065 | D:13     | Noticed Josephine
 26072 | D:13     | Killed Josephine
 26289 | D:13     | Noticed an iron dragon
 26306 | D:13     | Killed an iron dragon
 26497 | D:13     | Identified the ring of Mysticism {rC+ Dex+4}
 26967 | D:13     | Identified the +3 leather armour of Dim Light {Harm rPois
                  | rCorr Dex-5}
 27172 | D:14     | Found a shadowy altar of Dithmenos.
 27559 | D:14     | Found a gate to the Vaults.
 27564 | D:14     | Reached XP level 16. HP: 139/160 MP: 15/15
 27978 | D:14     | Identified a scroll of acquirement
 27981 | D:14     | Acquired a manual of Armour
 28028 | D:15     | Entered Level 15 of the Dungeon
 28028 | D:15     | Noticed Rupert
 28033 | D:15     | Killed Rupert
 28160 | D:15     | Received a gift from Trog
 28292 | D:15     | Found Ahuehata's Magic Scroll Boutique.
 28405 | D:15     | Found a portal to a secret trove of treasure.
 28502 | D:15     | Found a staircase to the Depths.
 28504 | D:15     | Reached skill level 22 in Maces & Flails
 28934 | Shoals:1 | Entered Level 1 of the Shoals
 28957 | Snake:1  | Entered Level 1 of the Snake Pit
 29500 | Snake:2  | Noticed Nikola
 29502 | Snake:2  | Received a gift from Trog
 29508 | Snake:2  | Killed Nikola
 29750 | Snake:2  | Found Vonotibu's Armour Boutique.
 29750 | Snake:2  | Found Kukyocau's Book Shop.
 29752 | Snake:2  | Found Ligujeun's Assorted Antiques.
 29756 | Snake:2  | Found Ytzof's Armour Shop.
 30476 | Snake:3  | Found Poychuet's Antique Weapon Emporium.
 30551 | Snake:3  | Received a gift from Trog
 30585 | Snake:3  | Reached skill level 15 in Dodging
 30861 | Snake:3  | Reached XP level 17. HP: 116/172 MP: 16/16
 31953 | Snake:4  | Entered Level 4 of the Snake Pit
 31960 | Snake:4  | Reached skill level 23 in Maces & Flails
 32126 | Snake:4  | Found a hazy altar of Hepliaklqana.
 32181 | Snake:3  | HP: 8/259 [guardian serpent (9)]
 32186 | Snake:3  | HP: 5/173 [poisoned by a black mamba]
 32392 | Snake:4  | Received a gift from Trog
 32460 | Snake:3  | Reached skill level 15 in Armour
 33175 | Snake:4  | HP: 4/173 [naga/+0 hand axe (9)]
 33177 | Snake:4  | Slain by a naga

Illustrated notes

Levels and vault maps discovered:
D:1:      lemuel_arrival_cross, layout_basic,
          hellmonk_ecumenical_altar_inner_sanctum
D:2:      layout_loops_ring, uniq_natasha
D:3:      layout_loops_ring, mainiacjoe_overflow_alcove_4, portal_sewer_entry_a,
          uniq_robin
D:4:      layout_loops_corners, nicolae_elevator_lobby_plus, uniq_duvessa
D:5:      layout_rooms, minmay_temple_entry_mini_moons, serial_shops,
          nicolae_shop_temple_entry_statues_fountains
D:6:      lemuel_slime, layout_basic, mainiacjoe_overflow_boulevard,
          minmay_joined_circles, uniq_prince_ribbit1, uniq_sigmund,
          uniq_menkaure, uniq_grinder
D:7:      layout_basic, minmay_checkerbox
D:8:      layout_basic, gammafunk_temple_overflow_pools,
          grunt_lair_entry_orc_guard_hut, uniq_maurice
D:9:      minmay_the_grid_octo_tiled_squarecenter
          [minmay_the_grid_octo_fan_narrow, minmay_the_grid_octo_teeth,
          minmay_the_grid_octo_odd_swirl, minmay_the_grid_octo_focus,
          minmay_the_grid_square_5x5_megaprize_diamond,
          minmay_the_grid_square_5x5_plus,
          minmay_the_grid_square_5x5_intrusive_squares,
          minmay_the_grid_square_5x5_n_small, minmay_the_grid_square_5x5_slash],
          layout_cross, serial_shops, nicolae_stop_n_shop_2, shop,
          nicolae_stop_n_shop_1, uniq_maggie
D:10:     layout_small_grid, uniq_erica, uniq_sonja, uniq_urug
D:11:     layout_gridville
D:12:     layout_roguey, minmay_orc_entry_temple_small, minmay_rotating_lava,
          uniq_nessos
D:13:     minmay_textured_paths, layout_loops_ring, uniq_josephine
D:14:     layout_irregular_city, grunt_vaults_entry_fortified,
          serial_park_tiny_pond, nicolae_dithmenos_shadow_blocks
D:15:     grunt_enter_depths_magical_seal, layout_basic, serial_shops,
          shop_scrolls, enter_trove_2, serial_bayou_shore_b,
          lemuel_flamethrower_3, uniq_rupert
Lair:1:   lemuel_reptile_caves, layout_loops_ring, minivault_25,
          nicolae_lair_grove_arrangements, serial_bayou_shore_b, uniq_harold,
          uniq_amaemon
Lair:2:   layout_small_grid, elwin_shoals_entry_rooms, dummy_snake_entry,
          ebering_ghost_inner_flame, minmay_stone_trees_small,
          grunt_megastairs_3
Lair:3:   layout_hall_layers, hellmonk_ghost_happy_afterlife, disabler_island,
          serial_bayou_shore_a, uniq_nergalle
Lair:4:   layout_concentric_octagons, minmay_shattered_shrine, lemuel_fruit_tree
Lair:5:   layout_cave_pods, nicolae_quartered_pool_impasse,
          grunt_forest_small_clearings, beast_lair_carwin_4
Lair:6:   evilmike_catoblepas_cave, layout_cellular_growth,
          dpeg_slime_entry_enclosed_altar, special_room
          [special_room_mythical_zoo], serial_rivers,
          chequers_serial_rivers_room_a, chequers_serial_rivers_micro_b,
          chequers_serial_rivers_micro_a, chequers_serial_rivers_micro_e,
          grunt_megastairs_5
Shoals:1: layout_shoals, serial_shops, nicolae_square_shop
Snake:1:  layout_rooms, nrook_guardian_serpent_double
Snake:2:  layout_gridlike, minmay_shoptagon, uniq_nikola
Snake:3:  layout_chambers, serial_shops, shop, grunt_ministairs_10,
          nicolae_snake_slithery_hallway, st_stairs_9,
          nicolae_snake_salamander_stairs
Snake:4:  johnstein_snake_rune_scales, layout_rooms, basic_altar,
          minmay_shop_grove
Orc:1:    layout_diamond_mine, basic_altar, uniq_jorgrun
Orc:2:    grunt_orc_gardens, layout_caves, grunt_orc_garden, grunt_orc_garden,
          grunt_orc_garden, grunt_orc_garden, nicolae_orc_lost_temple

Skill      XL: |  1  2  3  4  5  6  7  8  9 10 11 12 13 14 15 16 17 |
---------------+----------------------------------------------------+-----
Maces & Flails | 4 5 6 7 8 10 12 14 16 17 18 20 21 22 23 | 23.3
Fighting       | 4 5 7 8 10 12 14 16 17 19 20 21 | 21.5
Armour         | 3 4 6 7 8 9 10 11 12 14 15 | 15.1
Dodging        | 3 4 6 7 8 10 11 12 13 15 | 15.6

Action                   |  1- 3 |  4- 6 |  7- 9 | 10-12 | 13-15 | 16-18 || total
-------------------------+-------+-------+-------+-------+-------+-------++-------
Melee: Mace              |    86 |   106 |    83 |       |       |       ||   275
       Headbutt          |     6 |    12 |    35 |    84 |   170 |    94 ||   401
       Punch             |     1 |     1 |     1 |     2 |     1 |       ||     6
       Morningstar       |       |       |   164 |    37 |       |       ||   201
       Dire flail        |       |       |       |   138 |       |       ||   138
       Eveningstar       |       |       |       |   311 |   156 |       ||   467
       Great mace        |       |       |       |       |   627 |   409 ||  1036
Invok: Berserk           |     2 |     6 |     8 |    19 |    20 |    11 ||    66
Evoke: Wand              |       |       |       |       |    21 |       ||    21
  Use: Scroll            |     6 |     6 |     8 |     6 |    27 |     6 ||    59
       Potion            |       |       |     1 |     8 |    16 |     6 ||    31
 Stab: Invisible         |       |       |       |     3 |     2 |       ||     5
       Distracted        |       |       |       |       |     3 |     3 ||     6
Armor: Animal skin       |    13 |       |       |       |       |       ||    13
       Chain mail        |    38 |    85 |       |       |       |       ||   123
       Leather armour    |       |       |    96 |   160 |   325 |   248 ||   829
Dodge: Dodged            |    40 |    68 |   142 |   316 |   584 |   331 ||  1481

Table legend: (Time is in decaauts)
 A = Elapsed time spent in this place.
 B = Non-inter-level travel time spent in this place.
 C = Inter-level travel time spent in this place.
 D = Time resting spent in this place.
 E = Time spent auto-exploring this place.
 F = Levels seen in this place.
 G = Mean time per level.
                   A        B        C        D        E       F      G
               +--------+--------+--------+--------+--------+-----+--------+
         Total |  33367 |  31812 |   1555 |   4925 |  22065 |  29 | 1150.6 |
       Dungeon |  17743 |  16767 |    976 |   3163 |  11006 |  15 | 1182.9 |
          Lair |   9884 |   9471 |    413 |    278 |   8046 |   6 | 1647.3 |
        Shoals |      1 |      1 |      0 |      0 |      0 |   1 |    1.0 |
     Snake Pit |   4234 |   4122 |    112 |   1089 |   2319 |   4 | 1058.5 |
  Orcish Mines |   1317 |   1265 |     52 |    321 |    677 |   2 |  658.5 |
         Sewer |    185 |    185 |      0 |     72 |     16 |   1 |  185.0 |
               +--------+--------+--------+--------+--------+-----+--------+

Top non-repeatable levels by time:
  Lair:1: 2731 daAuts
 Snake:3: 2540 daAuts
    D:12: 1950 daAuts
  Lair:4: 1818 daAuts
  Lair:3: 1750 daAuts
     D:6: 1732 daAuts
     D:8: 1551 daAuts
  Lair:2: 1383 daAuts
    D:11: 1340 daAuts
    D:10: 1338 daAuts
     D:4: 1279 daAuts
     D:1: 1269 daAuts
  Lair:6: 1129 daAuts
     D:2: 1084 daAuts
  Lair:5: 1070 daAuts
